 Dungeon Crawl Stone Soup version 0.24.0-13-gcf9b3192b9 (webtiles) character file.

Game seed: 12134437903508212908, levelgen mode: deterministic

41 Midas the Bolt Thrower (level 3, -2/25 HPs)
             Began as an Octopode Hunter on Nov 10, 2019.
             Slain by an adder (3 damage)
             ... on level 2 of the Dungeon.
             The game lasted 00:01:21 (1228 turns).

Midas the Bolt Thrower (Octopode Hunter)            Turns: 1228, Time: 00:01:23

Health: -2/25      AC:  1    Str:  8 (11) XL:     3   Next: 52%
Magic:  3/3        EV: 13    Int: 12 (14) God:
Gold:   57         SH:  0    Dex:  9 (12) Spells: 2/2 levels left

rFire    . . .     SeeInvis .   b - +0 short sword
rCold    . . .     Gourm    .   (no shield)
rNeg     . . .     Faith    .   (helmet restricted)
rPois    .         Spirit   .   (no amulet)
rElec    .         Reflect  .   (no ring)
rCorr    .         Harm     .   (no ring)
MR       .....                  (no ring)
Stlth    +++.......             (no ring)
HPRegen  0.08/turn              (no ring)
MPRegen  0.08/turn              (no ring)
                                (no ring)
                                (no ring)

@: no status effects
A: almost no armour, stealthy swim, amphibious, 8 rings, constrict 8, camouflage
1, gelatinous body 1
a: no special abilities


You were on level 2 of the Dungeon.
You were hungry.

You visited 1 branch of the dungeon, and saw 2 of its levels.

You collected 57 gold pieces.

Inventory:

Hand Weapons
 a - a +1 hand crossbow
 b - a +0 short sword (weapon)
Missiles
 c - 18 bolts
 k - 22 poisoned darts (quivered)
Scrolls
 e - a scroll of fog {unknown}
 f - a scroll of noise {unknown}
 i - 2 scrolls of identify {unknown}
 j - a scroll of enchant weapon {unknown}
Potions
 g - a potion of degeneration
 h - a potion of haste {unknown}
 l - a potion of ambrosia {unknown}
Comestibles
 d - 5 rations


   Skills:
 + Level 2.7 Fighting
 - Level 4.0 Crossbows
 + Level 2.5 Dodging
 + Level 3.0 Stealth


You had 2 spell levels left.
You didn't know any spells.
Your spell library was empty.

Dungeon Overview and Level Annotations

Branches:
Dungeon (2/15)

Altars:
The Shining One


Innate Abilities, Weirdness & Mutations

You cannot wear most types of armour.
You are very stealthy in the water. (Stealth+)
You are amphibious.
You can wear up to eight rings at the same time.
You can use your tentacles to constrict eight enemies at once.
Your skin changes colour to match your surroundings (Stealth+).
Your rubbery body absorbs attacks. (AC +1, EV +1)


Message History

The adder is moderately wounded.
The adder bites you but does no damage. The adder bites you.
* * * LOW HITPOINT WARNING * * *
You hit the adder. You grab the adder.
The adder is heavily wounded.
You constrict the adder. The adder bites you.
* * * LOW HITPOINT WARNING * * *
Unknown command.
You hit the adder. Your squeeze misses the adder.
The adder is almost dead.
You constrict the adder.
You kill the adder!
Your Stealth skill increases to level 3!
It was a potion of degeneration.
There was something very wrong with that liquid.
You feel weakened.
You feel dopey.
You feel clumsy. The adder bites you.
* * * LOW HITPOINT WARNING * * *
The adder bites you.
You die...

#.##.....## #
#.#.......#.##
#.#.......#..
#....._.g...
#.#....?..#.#
#########.#.......#.#
#.........##...†.# .#####
#.######..####r####......
#.# #....@SK..........
#.# #...####.#........
#.# ##### #..........
#####.## ###........
#......# #........
#......# #........
#......# #........
#......# #(.......
#......# #........


You could see an adder, a kobold and a rat.

Vanquished Creatures
  An adder (D:2)
  2 dart slugs (D:1)
  A leopard gecko (D:1)
  A giant cockroach (D:1)
  3 goblins
  4 hobgoblins (D:1)
  A ball python (D:1)
  5 bats
  3 frilled lizards
  5 kobolds
  4 rats
30 creatures vanquished.

Notes
Turn   | Place    | Note
-------+----------+-------------------------------------------
     0 | D:1      | Midas the Octopode Hunter began the quest for the Orb.
     0 | D:1      | Reached XP level 1. HP: 14/14 MP: 1/1
    48 | D:1      | Reached XP level 2. HP: 12/19 MP: 2/2
   780 | D:1      | Reached XP level 3. HP: 20/25 MP: 3/3
  1209 | D:2      | Found a glowing golden altar of the Shining One.
  1228 | D:2      | HP: 1/25 [adder (2)]
  1228 | D:2      | Slain by an adder

Levels and vault maps discovered:
D:1:      co_arrival_square_in_a_square_in_a_square, layout_rooms,
          corexii_item_surrounded_by_moat, chequers_serial_rivers_large_b,
          roderic_roman_lattice
D:2:      layout_basic, old_standard_altar

Skill      XL: |  1  2  3 |
---------------+----------+-----
Stealth        | 2 3 |  3.0
Fighting       | |  2.7
Crossbows      | |  4.0
Dodging        | |  2.5

Action                   || total
-------------------------++-------
Melee: Short sword       ||    66
       Constrict         ||    19
       Tentacles         ||     7
 Fire: Hand crossbow     ||     3
  Use: Potion            ||     1
 Stab: Sleeping          ||     4
Armor: Skin              ||    14
Dodge: Dodged            ||    43
